← All builds
Beach sea / Armada / Economy first / OBSERVED BUILD

Standard beach sea

Armada Beach sea build order · Supreme Isthmus

Economy-first sea play: shipyard right away, a destroyer by around 5 minutes, then an Advanced Metal Extractor as the eco scales up, with later ships like corvette, frigate and submarine filling out the fleet; this is the role's baseline…

Usually shipyard first (93%)

#naval #eco · 872 distinct matches · 147 players · 72% of Armada Beach sea games · team won 50% of 940 · Recently observed

HOW TO PLAY IT

Key timing: Shipyard by 1:40, first destroyer by 4:52

  1. Open 3 mex into tidal generators for early energy.
  2. Rush Shipyard straight from the opening eco.
  3. Keep adding mex and naval energy converters to fund the fleet.
  4. Get your first destroyer out to contest the sea.
  5. Transition into Advanced Metal Extractor as eco scales.

Phase by phase

TYPICAL OF ITS 872 GAMES · AGAINST STANDARD BEACH SEA
  1. 1
  2. 2
  3. 3
PLAY THE OPENING

Follow the example game's first 6:00 step by step: what to build now, what comes next, and where it goes. At 1× it keeps pace with your own game.

  1. 1

    Up to the Shipyard

    Economy
    • Metal Extractor3Mex
    • Wind Turbine2Windfor allies+2 vs standard
    • Wind Turbine1Wind−4 vs standard
    Order
    1. ShipyardShipyard after 3 mex, 1 winddone ~1:44, middle half 1:27–2:01

    Some games also: tidal (38%) · energy storage (35%)

    By 1:27 in all: 3 mex · 1 wind (standard 5)

    The example game in this phase · 5 steps
    1. Mex ×3
    2. Wind ×4for Air
    3. Energy storage
    4. Wind
    5. ShipyardShipyarddone 1:55 · typical 1:44
  2. 2

    Shipyard to 5:00

    Economy
    • Metal Extractor5Mex
    • Wind Turbine2Wind−3 vs standard
    • Tidal Generator2Tidal+2 vs standard
    Builders
    • Construction Ship2 Con ship +2 vs standard
    Army
    • Dolphin3 Dolphin +3 vs standard
    • Skater2 Skater +2 vs standard
    • Corsair1 Destroyer
    Other
    • Naval Radar / Sonar Tower1 Naval Radar / Sonar Tower

    Some games also: Harpoon (43%) · con turret (35%) · submarine (33%) · frigate (33%) · Sentry (31%)

    The standard build makes here, this one skips: 3 con hovercraft · 7 seeker

    By 5:00 in all: 8 mex · 4 wind (standard 10) · 3 tidal (standard 0)

    The example game in this phase · 13 steps
    1. Tidal
    2. SkaterSkater
    3. Tidal
    4. Construction ShipCon ship ×2
    5. SkaterSkater
    6. CorsairDestroyerdone 3:36 · typical 4:59
    7. Mex ×5
    8. CorsairDestroyer
    9. Wind
    10. Mex
    11. Construction ShipCon ship
    12. HarpoonHarpoon
    13. Wind
  3. 3

    5:00 to 10:00

    Economy
    • Metal Extractor1Mex−2 vs standard
    • Wind Turbine11Wind
    Builders
    • Naval Construction Turret1 Naval Construction Turret
    • Grim Reaper1 Grim Reaper
    Army
    • Sentry1 Sentry
    • Harpoon1 Harpoon
    • Dolphin3 Dolphin
    • Corsair2 Destroyer
    • Skater2 Skater
    Other
    • Naval Radar / Sonar Tower1 Naval Radar / Sonar Tower

    Some games also: con ship (48%) · frigate (45%) · Radar Tower (42%) · tidal (40%) · con turret (39%)

    By 10:00 in all: 10 mex · 16 wind (standard 23) · 4 tidal (standard 0) · 1 energy storage · 1 con turret · 1 Naval Construction Turret

    The example game in this phase · 88 steps
    1. HarpoonHarpoon
    2. Construction ShipCon ship
    3. Wind
    4. CorsairDestroyer
    5. Wind
    6. HarpoonHarpoon
    7. Wind
    8. Construction ShipCon ship
    9. CorsairDestroyer
    10. Wind
    11. Bot LabBot Labnot finished by 15:00
    12. Wind
    13. CorsairDestroyer
    14. Tidal
    15. Wind
    16. Tidal
    17. Advanced Metal ExtractorT2 mexdone 9:38 · typical 10:04
    18. Wind
    19. Naval Construction Turret
    20. Dragon's ClawDragon's Claw
    21. Naval Radar / Sonar TowerNaval Radar / Sonar Tower
    22. Dragon's ClawDragon's Claw
    23. Construction ShipCon ship
    24. Wind
    25. Dragon's ClawDragon's Claw
    26. Wind
    27. CorsairDestroyer
    28. Naval Energy Converter
    29. Wind
    30. Naval Energy Converter
    31. BeholderBeholder
    32. Advanced Metal ExtractorT2 mex
    33. Wind
    34. Naval Energy Converter
    35. DolphinDolphin
    36. Dragon's ClawDragon's Claw
    37. Naval Energy Converter
    38. Wind
    39. DolphinDolphin ×2
    40. Wind
    41. DolphinDolphin
    42. Bot LabBot Labdone 11:44
    43. DolphinDolphin
    44. Wind
    45. DolphinDolphin ×2
    46. Wind
    47. DolphinDolphin
    48. Mex
    49. HarpoonHarpoon
    50. Construction BotCon bot
    51. Wind
    52. DolphinDolphin
    53. Advanced Metal ExtractorT2 mex
    54. HarpoonHarpoon ×2
    55. Wind
    56. Naval Radar / Sonar TowerNaval Radar / Sonar Tower
    57. DolphinDolphin
    58. Tidal
    59. Radar TowerRadar Tower
    60. Naval Construction Turret
    61. Tidal ×2
    62. Mex
    63. Tidal
    64. LazarusLazarus
    65. Naval Construction Turret ×2
    66. Tidal
    67. DolphinDolphin
    68. Construction BotCon bot
    69. DolphinDolphin ×5
    70. SkaterSkater ×2
    71. BeamerBeamer
    72. Advanced Metal ExtractorT2 mex
    73. Grim ReaperGrim Reaper
    74. CorsairDestroyer
    75. Mex
    76. CorsairDestroyer
    77. RocketeerRocketeer
    78. Mex
    79. RocketeerRocketeer
    80. CorsairDestroyer
    81. Naval Radar / Sonar TowerNaval Radar / Sonar Tower
    82. Tidal ×2
    83. CorsairDestroyer
    84. Tidal
    85. Naval Radar / Sonar TowerNaval Radar / Sonar Tower
    86. Tidal
    87. CenturionCenturion
    88. Tidal ×2

Counts are medians over the build's games: half of them build more, half fewer. The example game is Blover's (38 OS, 11/10/2026); pick another.

Team trades

IN AT LEAST 30% OF ITS GAMES

You hand over

  • Wind Turbine3 Wind to Airfirst at 1:42 · in 79% of games

You get

  • Finch1 Finch from Airfirst at 1:58 · in 78% of games
  • Lazarus1 Lazarus from Geofirst at 2:11 · in 53% of games
  • Hephaestus1 Heavy transport from Airfirst at 2:16 · in 63% of games
  • Hercules1 Light transport from Airfirst at 2:19 · in 39% of games
  • Construction Bot1 Con bot from Geofirst at 2:27 · in 69% of games
  • Advanced Construction Bot1 T2 con bot from Techfirst at 8:11 · in 88% of games

How it plays out

Typical game of this build, running totals by minute

Metal produced

010k20k30k
0:005:0010:0015:00

metal

Enemy metal destroyed

02.5k5k7.5k
0:005:0010:0015:00

metal

Own metal lost

02.5k5k7.5k
0:005:0010:0015:00

metal

940 games.

Show as table
ByMetal produced: This buildEnemy metal destroyed: This buildOwn metal lost: This build
1:0040400
2:0093800
3:00158100
4:0025205151
5:003703240150
6:005100564358
7:0065881096693
8:00815116621158
9:00977024371819
10:001162133532565
11:001368342793346
12:001604450924158
13:001847058614941
14:002124965475913
15:002390174486663
WHAT THE NUMBERS SAY

This baseline wins less than half its games, trading sea kills for losses at a similar rate to the enemy through 15 minutes.

  • + Metal production outpaces enemy destruction early, 3733 vs 255 at 5:00.
  • + Kills and losses track closely by 15:00 (8342 vs 6711), an even fight.
  • − Team wins under half of games (47%).
  • − T2 factory reached in only 34% of games, the lowest tech rate among sea roles.
THE EXAMPLE YOU ARE READING

Blover

38.0 OS · 11/10/2026

Open source match ↗

7 received units · includes a constructor
3292 metal received · 35633 energy received

Allied construction assistance is unknown. Timings are observations, not a promise of solo reproducibility.

Typical milestones

Shipyard1:44Middle 50%: 1:27–2:01 · n=936
Corsair4:59Middle 50%: 4:20–5:56 · n=888
Advanced Metal Extractor10:04Middle 50%: 9:13–10:56 · n=788

Played most by

yeskinkot68games of this buildHummell60games of this buildTheSituation47games of this buildBlover37games of this buildTheGeneraI36games of this build